 Dungeon Crawl Stone Soup version 0.23-a0-890-gc183402 (webtiles) character file.

Game seed: 17536055153960567001

65 emperorscorpion the Chopper (level 3, -1/43 HPs)
             Began as a Demonspawn Berserker on Jan 28, 2019.
             Was a Believer of Trog.
             Slain by Natasha (2 damage)
             ... on level 2 of the Dungeon.
             The game lasted 00:02:29 (1713 turns).

emperorscorpion the Chopper (Demonspawn Berserker)  Turns: 1713, Time: 00:02:29

Health: -1/43      AC:  9    Str: 23    XL:     3   Next: 94%
Magic:  0/3        EV: 11    Int:  8    God:    Trog [**....]
Gold:   67         SH:  0    Dex: 12    Spells: 2/2 levels left

rFire    . . .     SeeInvis .   a - +0 hand axe
rCold    . . .     Gourm    .   (no shield)
rNeg     . . .     Faith    .   l - +0 chain mail
rPois    .         Spirit   +   (no helmet)
rElec    .         Reflect  .   (no cloak)
rCorr    .         Harm     .   (no gloves)
MR       .....                  p - +0 pair of boots
Stlth    ..........             (no amulet)
HPRegen  0.14/turn              (no ring)
MPRegen  0.08/turn              (no ring)

@: berserking, slowed
A: repulsion field 1, magic shield
a: Berserk, Trog's Hand, Renounce Religion


You were on level 2 of the Dungeon.
You worshipped Trog.
Trog was pleased with you.
You were not hungry.

You visited 1 branch of the dungeon, and saw 2 of its levels.

You collected 67 gold pieces.

Inventory:

Hand Weapons
 a - a +0 hand axe (weapon)
 b - a +0 spear
Missiles
 n - 15 poisoned needles
Armour
 g - a +0 animal skin
 l - a +0 chain mail (worn)
 p - a +0 pair of boots (worn)
Scrolls
 j - a scroll of fear {unknown}
 m - 2 scrolls of teleportation {unknown}
 o - a scroll of remove curse {unknown}
Potions
 d - a potion of berserk rage {unknown}
 e - a potion of lignification {unknown}
 f - 2 potions of heal wounds {unknown}
 h - a potion of curing {unknown}
 k - a potion of degeneration {unknown}
Comestibles
 c - 3 rations
 i - 7 chunks of flesh


   Skills:
 + Level 3.3 Fighting
 + Level 3.5 Axes
 + Level 2.2 Armour
 + Level 2.3 Dodging


You had 2 spell levels left.
You didn't know any spells.
Your spell library was empty.

Dungeon Overview and Level Annotations

Branches:
Dungeon (2/15)

Altars:

Annotations:
D:2 Natasha


Innate Abilities, Weirdness & Mutations

You are surrounded by a mild repulsion field. (EV +2)
When hurt, damage is shared between your health and your magic reserves.


Message History

* * * LOW HITPOINT WARNING * * *
Your chain mail prevents you from hitting Natasha.
Natasha is severely wounded.
You hit the white imp. Natasha claws you but does no damage.
The white imp barely misses you.
Natasha howls an incantation.
Natasha's front paws start to glow.
Natasha casts a spell.
The white imp gestures at you.
The puff of frost hits you but does no damage.
Unknown command.
A red film seems to cover your vision as you go berserk!
You feel yourself moving faster!
You feel mighty!
You feel a lot more hungry. Natasha claws you!
* * * LOW HITPOINT WARNING * * *
The white imp hits you.
* * * LOW HITPOINT WARNING * * *
The white imp freezes you.
* * * LOW HITPOINT WARNING * * *
Natasha claws you.
You die...

# #. #.# ##...## #. #.
#.# #
##.....###.##.###.#
##.##.......##........#
..#.........###.......
.'.........+.........
#..5......###...÷##.
#h......# #...###.
#@5...# #...###.
##...## #....... ##'##
###.#### #####.#####
#.# #.........# #.#
#.........#####.#
#.........÷.....#
#.........#######
...........#


You could see Natasha, a white imp and a shadow imp.

Vanquished Creatures
  Natasha (D:2)
  An adder (D:2)
  A worm (D:2)
  A leopard gecko (D:2)
  2 bats
  4 giant cockroaches
  5 goblins
  3 hobgoblins
  A ball python (D:1)
  A frilled lizard (D:2)
  4 kobolds
  3 rats (D:1)
27 creatures vanquished.

Notes
Turn   | Place    | Note
-------+----------+-------------------------------------------
     0 | D:1      | emperorscorpion the Demonspawn Berserker began the quest
                  | for the Orb.
     0 | D:1      | Reached XP level 1. HP: 18/18 MP: 1/1
   266 | D:1      | You fall through a shaft!
   276 | D:1      | Gained mutation: When hurt, damage is shared between your
                  | health and your magic reserves. [demonic ancestry]
   276 | D:1      | Reached XP level 2. HP: 19/24 MP: 2/2
  1352 | D:2      | Noticed Natasha
  1360 | D:2      | Killed Natasha
  1360 | D:2      | Gained mutation: You are surrounded by a mild repulsion
                  | field. (EV +2) [demonic ancestry]
  1360 | D:2      | Reached XP level 3. HP: 29/29 MP: 1/3
  1594 | D:2      | Reached ** piety under Trog
  1693 | D:2      | Noticed Natasha
  1713 | D:2      | HP: 1/43 [white imp[Natasha] (2)]
  1713 | D:2      | Slain by Natasha

Vault maps used:
D:1:      dpeg_arrival_arbitrary_c, minmay_tripent
D:2:      uniq_natasha

Skill      XL: |  1  2 |
---------------+-------+-----
Axes           | 3 |  3.5
Dodging        | 2 |  2.3
Armour         | 2 |  2.2
Fighting       | |  3.3

Action                   || total
-------------------------++-------
Melee: Hand axe          ||   142
Invok: Berserk           ||     3
  Eat: Chunk             ||     2
       Ration            ||     1
Armor: Animal skin       ||    18
       Chain mail        ||    44
Dodge: Dodged            ||    76

Table legend:
 A = Non-vault XP
 B = Vault XP
 C = Vault XP percentage of total XP
 D = Non-vault monster count
 E = Vault monster count
 F = Vault count percentage of total count
                 A         B        C        D         E       F
            +---------+---------+-------+---------+---------+-------
      Total |      57 |      37 |  39.4 |      25 |       2 |   7.4
            +---------+---------+-------+---------+---------+-------
        D:1 |      25 |       2 |   7.4 |      15 |       1 |   6.2
        D:2 |      32 |      35 |  52.2 |      10 |       1 |   9.1
            +---------+---------+-------+---------+---------+-------
